 Dungeon Crawl Stone Soup version 0.31-a0-180-g519b7de00c (webtiles) character file.

Game seed: 14261793477818495138

67 qw the Chopper (level 4, -5/28 HPs)
             Began as a Gargoyle Fighter on June 20, 2023.
             Slain by Sigmund
             ... wielding a +0 scythe
              (8 damage)
             ... on level 2 of the Dungeon.
             The game lasted 00:00:54 (1243 turns).

qw the Chopper (Gargoyle Fighter)                   Turns: 1243, Time: 00:00:54

Health: -5/28      AC: 11    Str: 21    XL:     4   Next: 16%
Magic:  4/4        EV:  9    Int:  9    God:
Gold:   153        SH:  4    Dex:  9    Spells: 3/3 levels left

rFire   . . .        Y - +0 war axe
rCold   . . .        c - +0 buckler
rNeg    + . .        b - +0 scale mail
rPois   inf          (no helmet)
rElec   +            (no cloak)
rCorr   .            (no gloves)
SInv    .            h - +0 pair of boots
Will    .....        (no amulet) Stlth
                     (no ring)
HPRegen 0.24/turn    (no ring)
MPRegen 0.09/turn

%: no passive effects
@: no status effects
A: sickness immunity, AC +3, negative energy resistance 1, electricity
resistance, torment resistance 1, petrification resistance
a: no special abilities


You were on level 2 of the Dungeon.
You visited 1 branch of the dungeon, and saw 2 of its levels.

You collected 153 gold pieces.


Innate Abilities, Weirdness & Mutations

You are immune to sickness and miasma.
Your stone body is resilient. (AC +3)
You are immune to poison.
You resist negative energy. (rN+)
You are resistant to electric shocks. (rElec)
You are resistant to unholy torment.
You are immune to petrification.


   Skills:
 - Level 3.2 Fighting
 + Level 3.9 Axes
 - Level 3.2 Armour
 - Level 3.2 Shields


You had 3 spell levels left.
You didn't know any spells.
Your spell library was empty.

Inventory:

Hand Weapons
 f - a +0 club
 Y - a +0 war axe (weapon)
Armour
 a - a +1 helmet
 b - a +0 scale mail (worn)
 c - a +0 buckler (worn)
 h - a +0 pair of boots (worn)
Jewellery
 e - a +5 ring of evasion
Scrolls
 i - 2 scrolls of identify
 j - 3 scrolls of amnesia {unknown}
Potions
 d - 3 potions of might
 g - a potion of cancellation
 k - a potion of ambrosia {unknown}
 l - a potion of heal wounds {unknown}

Dungeon Overview and Level Annotations

Branches:
Dungeon (2/15)

Altars:

Annotations:
D:2 Sigmund


Message History

Enter note:
Enter note:
Enter note: Sigmund gestures at you while chanting.
The magic dart hits you! Sigmund casts a spell at you.
The puff of flame hits you!
Sigmund screams, "I am the angel of ZOT!!!"
Sigmund gestures at you while chanting.
You are more confused.
Sigmund gestures wildly while chanting.
Sigmund flickers and vanishes!
Deactivating autopickup; reactivate with Ctrl-A.
You're too confused to move!
Something hits you.
You bump into the rock wall.
Something hits you.
You're too confused to move!
Something hits you but does no damage.
Enter note:
Enter note:
Enter note:
Enter note: You feel less confused.
Something hits you!
You swing at nothing.
Something hits you but does no damage.
You swing at nothing.
You swing at nothing.
You hear some strange, mumbled words.
Something tries to affect you, but you resist.
Something hits you.
You swing at nothing.
Something hits you but does no damage.
You swing at nothing.
You swing at nothing.
Something hits you but does no damage.
You swing at nothing.
Something hits you!
You die...

#...##.# ...'.......
......#####.##.......
............'.......
........##.#.......
#.......##......###
#.......+.......###
#..{....##........#
#.......###...###.#
#.@.....# ###..[...
###.####77777777#.#
#.# 77.8_8..77.+
#.#777........77#
#.#7..77...7...7#
#...7777.}.777.7#
##.## 7...7 77.# #.#
777.7.7# #.. #.#
7..77..7 ###


There were no monsters in sight!

Vanquished Creatures
  Robin (D:2)
  An adder (D:2)
  2 dart slugs
  2 bats (D:1)
  2 endoplasms (D:2)
  11 goblins
  5 hobgoblins
  7 kobolds (D:1)
  A ball python (D:1)
  4 frilled lizards (D:1)
  7 rats
43 creatures vanquished.

Notes
Turn   | Place    | Note
-------+----------+-------------------------------------------
     0 | D:1      | qw the Gargoyle Fighter began the quest for the Orb.
     0 | D:1      | Reached XP level 1. HP: 14/14 MP: 1/1
     0 | D:1      | 0 ||| qw: Version: 0.3-a-9-g12657ce
     0 | D:1      | 0 ||| qw: Game counter: 1135
     0 | D:1      | 0 ||| qw: Always use a shield: true
     0 | D:1      | 0 ||| qw: God list: Okawaru
     0 | D:1      | 0 ||| qw: Allow faded altars: false
     0 | D:1      | 0 ||| qw: Do Orc after D:15 true
     0 | D:1      | 0 ||| qw: Do second Lair branch before Depths: true
     0 | D:1      | 0 ||| qw: Lair rune preference: random
     0 | D:1      | 0 ||| qw: Plans: Normal, Zot:1-4, Slime:5, God:TSO, Crypt,
                  | Tomb, Abyss, Pan, Hells, Win
     0 | D:1      | 0 ||| PLANNING D:1-11
   163 | D:1      | 163 ||| Stepping ~*~*~tactically~*~*~ (stealth).
   166 | D:1      | 166 ||| Stepping ~*~*~tactically~*~*~ (hiding).
   181 | D:1      | Reached XP level 2. HP: 19/19 MP: 2/2
   242 | D:1      | 242 ||| Stepping ~*~*~tactically~*~*~ (stealth).
   250 | D:1      | 250 ||| FLEEEEING.
   251 | D:1      | 251 ||| FLEEEEING.
   252 | D:1      | 252 ||| FLEEEEING.
   253 | D:1      | 253 ||| FLEEEEING.
   254 | D:1      | 254 ||| FLEEEEING.
   331 | D:1      | 331 ||| Stepping ~*~*~tactically~*~*~ (hiding).
   332 | D:1      | 332 ||| Stepping ~*~*~tactically~*~*~ (hiding).
   483 | D:1      | 483 ||| Stepping ~*~*~tactically~*~*~ (hiding).
   495 | D:1      | Reached skill level 3 in Axes
   517 | D:1      | Reached XP level 3. HP: 23/23 MP: 3/3
   650 | D:1      | 650 ||| UPGRADING to +0 pair of boots.
   655 | D:1      | 655 ||| READING 2 scrolls labelled MAMOAM WILIZUY.
   656 | D:1      | 656 ||| READING 2 scrolls labelled JYBACH KOHUGE.
   657 | D:1      | 657 ||| READING scroll labelled PANIECVATU.
   658 | D:1      | 658 ||| DRINKING 2 amethyst potions.
   659 | D:1      | 659 ||| DROPPING scroll of fear.
   695 | D:2      | 695 ||| Stepping ~*~*~tactically~*~*~ (stealth).
   698 | D:2      | 698 ||| Stepping ~*~*~tactically~*~*~ (stealth).
   754 | D:2      | Noticed Robin
   767 | D:2      | Killed Robin
   963 | D:2      | 963 ||| Stepping ~*~*~tactically~*~*~ (stealth).
   966 | D:2      | 966 ||| Stepping ~*~*~tactically~*~*~ (stealth).
   979 | D:2      | 979 ||| Stepping ~*~*~tactically~*~*~ (stealth).
   986 | D:2      | 986 ||| Stepping ~*~*~tactically~*~*~ (stealth).
   997 | D:2      | Reached XP level 4. HP: 28/28 MP: 4/4
  1078 | D:2      | 1078 ||| Stepping ~*~*~tactically~*~*~ (hiding).
  1100 | D:2      | Found a faded altar of an unknown god.
  1222 | D:2      | Noticed Sigmund
  1236 | D:2      | HP: 2/28 [something (8)]
  1243 | D:2      | Slain by Sigmund

Levels and vault maps discovered:
D:1:      heliophobic_arrival_glass_houses, layout_rooms, minivault_19,
          corexii_corridor_pit, nrook_loot_triangle
D:2:      layout_basic, shapermc_ecumenical_altar_totnotflames, uniq_robin,
          uniq_sigmund, uniq_crazy_yiuf_cottage

Skill      XL: |  1  2 |
---------------+-------+-----
Axes           | 2 3 |  3.9
Fighting       | |  3.2
Armour         | |  3.2
Shields        | |  3.2

Action                     |  1- 3 |  4- 6 || total
---------------------------+-------+-------++-------
  Melee: War axe           |   128 |    20 ||   148
    Use: Scroll            |     3 |       ||     3
         Potion            |     1 |       ||     1
 Armour: Scale mail        |    67 |     8 ||    75
  Dodge: Dodged            |    44 |     7 ||    51
  Block: Buckler           |    31 |     4 ||    35

Table legend:
 A = Non-vault XP
 B = Vault XP
 C = Vault XP percentage of total XP
 D = Non-vault monster count
 E = Vault monster count
 F = Vault count percentage of total count
                 A         B        C        D         E       F
            +---------+---------+-------+---------+---------+-------
      Total |      67 |      29 |  30.2 |      33 |      10 |  23.3
            +---------+---------+-------+---------+---------+-------
        D:1 |      37 |       0 |   0.0 |      22 |       0 |   0.0
        D:2 |      30 |      29 |  49.2 |      11 |      10 |  47.6
            +---------+---------+-------+---------+---------+-------
